Map: 10000 Feet LE

Players

SCIInewby - Winner!

  • Race: Protoss Protoss
  • League: Master
  • Spawn Location: 5:00

Bugggzie

  • Race: Terran Terran
  • League: Silver
  • Spawn Location: 11:00

VOD

Have the link to the VOD?

Description

Time

  • Played on: Feb. 7, 2026, 1:46 p.m.
  • Length: 13:37
Show
View Real Time Build Order
Export as new Build Order

SCIInewby Protoss - Winner!

Build Orders: 1 Gate Expand, Double Forge 

Get SALT Encoding   

  12  0:02  Probe  
  13  0:14  Probe  
  14  0:24  Pylon  
  14  0:27  Probe  
  15  0:42  Probe  
  16  0:43  Gateway  
  16  0:54  Probe  
  17  1:09  Probe  
  18  1:18  Forge  
  17  1:21  Probe  
  18  1:34  Nexus  
  18  1:44  Pylon  
  18  1:47  Pylon  
  18  1:49  Probe  
  19  1:56  Zealot  
  19  2:01  Probe  
  22  2:10  Photon Cannon  
  22  2:16  Probe  
  22  2:19  Assimilator  
  23  2:28  Probe  
  24  2:33  Photon Cannon  
  24  2:41  Photon Cannon  
  24  2:47  Photon Cannon  
  24  2:53  Pylon  
  24  2:59  Probe  
  24  3:00  Probe  
  26  3:10  Pylon  
  26  3:11  Probe  
  27  3:18  Photon Cannon  
  27  3:25  Photon Cannon  
  27  3:35  Probe x2  
  29  3:46  Pylon  
  29  3:47  Probe  
  29  3:48  Probe  
  27  3:55  Photon Cannon  
  27  4:00  Probe  
  28  4:05  Pylon  
  28  4:19  Gateway  
  28  4:20  Gateway  
  28  4:25  Pylon  
  28  4:27  Pylon  
  28  4:32  Gateway  
  28  4:43  Forge  
  28  4:48  Pylon  
  28  4:58  Assimilator  
  28  5:07  Cybernetics Core  
  28  5:12  Gateway  
  28  5:18  Zealot x2  
  32  5:25  Gateway  
  32  5:38  Pylon  
  32  5:40  Pylon  
  32  5:59  Photon Cannon  
  32  6:01  Zealot  
  32  6:02  Photon Cannon  
  34  6:05  Zealot  
  36  6:42  Zealot  
  36  6:45  Zealot  
  38  6:52  Nexus  
  38  6:57  Warp Gate  
  38  7:00  Zealot  
  38  7:01  Zealot, Protoss Ground Weapons Level 1  
  42  7:36  Pylon  
  42  7:39  Pylon  
  42  7:42  Pylon  
  29  8:15  Zealot x4  
  37  8:24  Shield Battery  
  37  8:28  Probe  
  37  8:30  Shield Battery  
  32  9:03  Stalker  
  34  9:24  Pylon, Twilight Council  
  34  9:30  Zealot  
  35  9:51  Zealot x3  
  35  9:52  Zealot  
  43  9:58  Protoss Shields Level 1  
  43  10:04  Probe  
  43  10:05  Probe  
  45  10:23  Dark Shrine  
  45  10:29  Zealot  
  45  10:30  Zealot  
  45  10:33  Zealot  
  51  10:37  Zealot  
  49  11:16  Probe x2  
  49  11:28  Probe  
  44  11:38  Zealot x3  
  44  11:39  Zealot  
  48  11:50  Probe x2  
  48  11:54  Dark Templar x3  
  52  11:55  Dark Templar  
  58  12:02  Probe x2  
  60  12:21  Assimilator  
  60  12:28  Pylon  
  58  12:30  Dark Templar x2, Pylon  
  58  12:31  Dark Templar x2  
  58  12:33  Pylon  
  64  12:37  Assimilator  
  64  13:19  Probe x2  
Show
View Real Time Build Order
Export as new Build Order

Bugggzie Terran 

Build Orders:  

Get SALT Encoding   

  12  0:00  SCV  
  13  0:13  SCV  
  14  0:19  Supply Depot  
  14  0:25  SCV  
  15  0:42  Barracks  
  15  0:47  Refinery  
  15  0:56  Barracks  
  15  1:29  SCV  
  15  1:30  Supply Depot  
  15  1:32  Barracks Tech Lab  
  16  1:43  Barracks Tech Lab  
  16  1:50  Orbital Command  
  16  1:52  Marauder  
  18  2:02  Marauder  
  18  2:05  Concussive Shells  
  20  2:16  Marauder  
  22  2:29  Marauder  
  24  2:37  Marauder  
  26  2:51  Marauder  
  24  3:11  Marauder  
  24  3:12  Marauder  
  27  3:32  Marauder  
  28  3:50  Marauder  
  28  3:53  Marine  
  27  4:23  Marauder x2  
  31  4:26  Stimpack  
  31  4:45  Marauder  
  30  5:05  SCV, Refinery  
  31  5:09  Supply Depot  
  31  5:26  Command Center  
  31  5:30  Barracks  
  31  5:31  Marauder  
  33  5:41  SCV  
  34  5:53  SCV  
  34  5:56  Factory  
  35  6:19  Marine  
  34  6:37  Marine  
  33  6:44  SCV  
  33  6:56  SCV  
  33  7:08  SCV  
  33  7:13  Barracks Reactor  
  33  7:15  Factory Tech Lab  
  34  7:20  SCV  
  24  8:12  Orbital Command  
  22  8:47  SCV x2  
  27  8:55  Siege Tank  
  27  8:59  SCV  
  28  9:11  SCV  
  28  9:12  SCV  
  28  9:16  Marine  
  31  9:17  Marine  
  31  9:23  SCV  
  34  9:30  Orbital Command  
  33  9:46  SCV  
  33  9:51  Starport  
  34  9:55  Barracks  
  34  9:58  SCV  
  35  10:06  Marine x3  
  35  10:07  Marine  
  38  10:10  SCV  
  38  10:13  Siege Tank  
  43  10:17  SCV  
  44  10:24  Marine  
  44  10:26  Supply Depot  
  44  10:27  SCV  
  46  10:32  Medivac  
  42  11:23  Marine x3  
  42  11:24  Marine  
  45  11:26  Marauder  
  38  11:43  Marine x4  
  38  11:47  Marine  
  42  11:49  SCV x2  
  45  11:55  Refinery  
  45  11:58  Refinery  
  45  12:01  SCV x2  
  45  12:02  Barracks  
  45  12:05  Barracks  
  45  12:07  Barracks  
  47  12:15  SCV x2  
  49  12:27  SCV x2  
  44  13:11  Starport Tech Lab  
  39  13:20  Barracks Reactor  
Tags
 
Add a new tag
Caveats
  • Supply blocks, unpowered buildings, or Contaminate may cause inaccurate times.
  • Supply counts are checked every 10 seconds.